 Dungeon Crawl Stone Soup version 0.27-a0-909-g0721f309d1 (webtiles) character file.

Game seed: 2217654463866102576

10 Alarkh the Insei (level 2, 21/22 HPs)
             Began as a Demonspawn Gladiator on Apr 8, 2021.
             Got out of the dungeon alive.
             The game lasted 00:00:42 (427 turns).

Alarkh the Insei (Demonspawn Gladiator)              Turns: 427, Time: 00:00:43

Health: 21/22      AC:  3    Str: 14    XL:     2   Next: 10%
Magic:  2/2        EV: 12    Int:  9    God:
Gold:   22         SH:  0    Dex: 14    Spells: 1/1 levels left

rFire    . . .     SeeInvis .     - Unarmed
rCold    . . .     Faith    .   (no shield)
rNeg     . . .     Spirit   .   a - +0 leather armour
rPois    .         Reflect  .   (helmet restricted)
rElec    .         Harm     .   (no cloak)
rCorr    .         Rampage  .   (no gloves)
Will     .....                  (no boots)
Stlth    +.........             (no amulet)
HPRegen  0.07/turn              (no ring)
MPRegen  0.08/turn              (no ring)

@: no status effects
A: antennae 1
a: no special abilities


You escaped.
You visited 1 branch of the dungeon, and saw 1 of its levels.

You collected 22 gold pieces.

Inventory:

Missiles
 c - 3 throwing nets (quivered)
Armour
 a - a +0 leather armour (worn)
 b - a +0 helmet
Scrolls
 e - a scroll of teleportation {unknown}
 f - a scroll of torment {unknown}
 g - a scroll of enchant weapon {unknown}
 h - a scroll of brand weapon {unknown}
Potions
 d - a potion of mutation {unknown}


   Skills:
 + Level 2.3 Fighting
 - Level 1.7 Throwing
 - Level 2.6 Dodging
 * Level 3.1 Unarmed Combat


You had one spell level left.
You didn't know any spells.
Your spell library was empty.

Dungeon Overview and Level Annotations

Branches:
Dungeon (1/15)

Altars:


Innate Abilities, Weirdness & Mutations

You have a pair of small antennae on your head.


Message History

You open the door.
There is an open door here.
g - a scroll labelled XYTROA WE LOXT You now have 22 gold pieces (gained 5).
h - a scroll labelled PIF ILOETO A kobold comes into view.
It is wielding a +0 club.
A giant cockroach comes into view.
You hit the kobold but do no damage. The kobold hits you with a +0 club.
You barely miss the kobold. You hit the kobold.
You kill the kobold!
You have reached level 2!
Your demonic ancestry asserts itself...
A pair of antennae grows on your head!
Your +0 helmet falls away!
The giant cockroach waves its antennae.
Things that are here:
a +0 club; 4 stones The giant cockroach closely misses you.
You hit the giant cockroach but do no damage.
The giant cockroach misses you. The giant cockroach barely misses you.
You closely miss the giant cockroach. The giant cockroach bites you.
You hit the giant cockroach.
The giant cockroach is moderately wounded.
The giant cockroach bites you but does no damage.
You barely miss the giant cockroach.
The giant cockroach is moderately wounded.
The giant cockroach bites you but does no damage.
You hit the giant cockroach but do no damage.
The giant cockroach is moderately wounded.
The giant cockroach barely misses you.
You hit the giant cockroach.
You kill the giant cockroach!
Found a stone staircase leading down.
You open the door.
There is an open door here.
There is an open door here.
There is a staircase leading out of the dungeon here.
Are you sure you want to leave the Dungeon?
This will make you lose the game!
You have escaped!

####....### #.###.# ###....#
#. ........# #.....# #....# #.
####...## #####.## ##...# #.
.###..+# #..####.##+..###.
..##..# ##........#......
.....##### #..#########.###.
.....#... #+#'## #...# #.# #.
...#.#.# #...####.#.###.# ##
.....'.# +.@.'..#.#.#.'.#
##.#.### #...##.#.#.#.#.#
#....# ##'#'##.#.#...#.#
.....#########..#.##...#####.#
#.....#........##.###### ..#
##.#..'##.####..#.. ..#
#.....##.# ##.##### ..#
#.#....#.. #.....# ...#
#.#(...###. #.###.#


There were no monsters in sight!

Vanquished Creatures
  An endoplasm (D:1)
  A giant cockroach (D:1)
  2 goblins (D:1)
  A hobgoblin (D:1)
  A kobold (D:1)
  2 frilled lizards (D:1)
  A rat (D:1)
9 creatures vanquished.

Notes
Turn   | Place    | Note
-------+----------+-------------------------------------------
     0 | D:1      | Alarkh the Demonspawn Gladiator began the quest for the
                  | Orb.
     0 | D:1      | Reached XP level 1. HP: 16/16 MP: 1/1
    85 | D:1      | Found a faded altar of an unknown god.
   280 | D:1      | Reached skill level 3 in Unarmed Combat
   380 | D:1      | Gained mutation: You have a pair of small antennae on your
                  | head. [demonic ancestry]
   380 | D:1      | Reached XP level 2. HP: 20/22 MP: 2/2
   427 | D:$      | Got out of the dungeon alive.

Illustrated notes

Levels and vault maps discovered:
D:1:      nicolae_arrival_somewhat_less_tricky_arrival, layout_loops_ring,
          shapermc_ecumenical_altar_totnotflames, serial_bayou_crossing

Skill      XL: |  1 |
---------------+----+-----
Unarmed Combat | 3 |  3.1
Fighting       | |  2.3
Throwing       | |  1.7
Dodging        | |  2.6

Action                   || total
-------------------------++-------
Melee: Unarmed           ||    27
Armor: Leather armour    ||     5
Dodge: Dodged            ||    13

Table legend: (Time is in decaauts)
 A = Elapsed time spent in this place.
 B = Non-inter-level travel time spent in this place.
 C = Inter-level travel time spent in this place.
 D = Time resting spent in this place.
 E = Time spent auto-exploring this place.
 F = Levels seen in this place.
 G = Mean time per level.
                   A        B        C        D        E       F      G
               +--------+--------+--------+--------+--------+-----+--------+
         Total |    425 |    387 |     38 |      0 |    332 |   1 |  425.0 |
       Dungeon |    425 |    387 |     38 |      0 |    332 |   1 |  425.0 |
               +--------+--------+--------+--------+--------+-----+--------+

Top non-repeatable levels by time:
     D:1: 425 daAuts
